 Dungeon Crawl Stone Soup version 0.21-a0-179-gd2bfb5f (webtiles) character file.

159 tehllama the Insei (level 5, -2/35 HPs)
             Began as an Octopode Transmuter on Aug 10, 2017.
             Was an Initiate of Gozag.
             Killed by divine providence
             ... invoked by an orc priest
              (13 damage)
             ... on level 4 of the Dungeon.
             The game lasted 00:04:46 (1679 turns).

tehllama the Insei (Octopode Transmuter)            Turns: 1679, Time: 00:04:47

Health: -2/35      AC:  1    Str: 15    XL:     5   Next: 40%
Magic:  7/9        EV: 14    Int: 16    God:    Gozag
Gold:   242        SH:  0    Dex: 12    Spells: 6/9 levels left

rFire    . . .     SeeInvis .     - Unarmed
rCold    . . .     Gourm    .   (no shield)
rNeg     . . .     Faith    .   (helmet restricted)
rPois    .         Spirit   .   (no amulet)
rElec    .         Reflect  .   d - +5 ring of strength
rCorr    .         Harm     .   g - ring of stealth
MR       .....                  (no ring)
Stlth    +++.......             (no ring)
HPRegen  0.11/turn              (no ring)
MPRegen  0.11/turn              (no ring)
                                (no ring)
                                (no ring)

@: gold aura
A: almost no armour, stealthy swim, amphibious, 8 rings, constrict 8, camouflage
1, gelatinous body 1
a: Potion Petition, Call Merchant, Bribe Branch, Renounce Religion


You were on level 4 of the Dungeon.
You worshipped Gozag.
Gozag was aware of your devotion.
You were not hungry.

You visited 1 branch of the dungeon, and saw 3 of its levels.

You collected 273 gold pieces.
You paid 31 gold pieces to Gozag.

Inventory:

Missiles
 a - 21 arrows
Jewellery
 d - a +5 ring of strength (left tentacle)
 g - a ring of stealth (right tentacle)
Scrolls
 e - 2 scrolls of identify {unknown}
 f - a scroll of recharging {unknown}
 k - a scroll of remove curse {unknown}
Books
 b - a book of Changes

   Spells                             Type                      Level
   a - Beastly Appendage              Transmutation                1
   b - Sticks to Snakes               Transmutation                2
   c - Spider Form                    Transmutation/Poison         3
   d - Ice Form                       Ice/Transmutation            4
   e - Blade Hands                    Transmutation                5
Comestibles
 c - 2 bread rations


   Skills:
 + Level 2.3 Fighting
 + Level 2.7 Dodging
 + Level 4.0 Unarmed Combat
 + Level 2.8 Spellcasting
 + Level 2.8 Transmutations


You had 6 spell levels left.
You knew the following spells:

 Your Spells              Type           Power        Failure   Level  Hunger
a - Beastly Appendage     Tmut           ##....       6%          1    #......
b - Sticks to Snakes      Tmut           ##......     9%          2    ##.....


Dungeon Overview and Level Annotations

Branches:
Dungeon (2/15)

Altars:
Fedhas
Gozag


Innate Abilities, Weirdness & Mutations

You cannot wear most types of armour.
You are very stealthy in the water. (Stealth+)
You are amphibious.
You can wear up to eight rings at the same time.
You can use your tentacles to constrict eight enemies at once.
Your skin changes colour to match your surroundings (Stealth+).
Your rubbery body absorbs attacks. (AC +1, EV +1)


Message History

You are too injured to fight recklessly!
You are too injured to fight recklessly!
You are too injured to fight recklessly!
You are too injured to fight recklessly!
Casting: Sticks to Snakes
Confirm with . or Enter, or press ? or * to list all spells.
Okay, then.
You tentacle-slap the orc. Your grab misses the orc.
The orc is moderately wounded.
You constrict the orc. The orc hits you with a dagger.
* * * LOW HITPOINT WARNING * * *
The orc misses you.
You release your grip on the orc.
Casting: Sticks to Snakes
Confirm with . or Enter, or press ? or * to list all spells.
You create a snake!
You now have 21 arrows.
The orc barely misses you.
The orc priest mumbles some strange prayers to Beogh against you.
Beogh smites you!
You die...
Your body crumbles into a pile of gold.

..## ...# ...# ..#
... #.# ..# #.#
..#
#####.#########oo#
#..........S.@oo.#
#........#######.#
#.......[# #
#........#
#........#######$
#..............#
#..............#
#..............#
.......#........#


You could see an orc priest, 3 orcs and a friendly ball python.

Vanquished Creatures
  An orc priest (D:4)
  Jessica (D:2)
  Natasha (D:2)
  4 adders (D:2)
  4 worms (D:2)
  A dart slug (D:2)
  A leopard gecko (D:1)
  3 giant cockroaches
  5 goblins
  6 hobgoblins
  A ball python (D:2)
  2 bats (D:2)
  2 frilled lizards (D:2)
  4 kobolds
  2 rats
38 creatures vanquished.

Notes
Turn   | Place    | Note
-------+----------+-------------------------------------------
     0 | D:1      | tehllama the Octopode Transmuter began the quest for the Orb.
     0 | D:1      | Reached XP level 1. HP: 13/13 MP: 3/3
   454 | D:1      | Reached XP level 2. HP: 18/18 MP: 5/5
   458 | D:1      | Learned a level 2 spell: Sticks to Snakes
   752 | D:2      | Found an opulent altar of Gozag.
   761 | D:2      | Became a worshipper of Gozag Ym Sagoz the Greedy
   836 | D:2      | Noticed Jessica
   848 | D:2      | Killed Jessica
   848 | D:2      | Reached XP level 3. HP: 10/24 MP: 2/6
  1062 | D:2      | Reached XP level 4. HP: 16/29 MP: 7/7
  1124 | D:2      | Noticed Natasha
  1131 | D:2      | Killed Natasha
  1154 | D:2      | Reached XP level 5. HP: 30/34 MP: 9/9
  1503 | D:2      | Found a blossoming altar of Fedhas.
  1647 | D:2      | You fall through a shaft for 2 floors!
  1675 | D:4      | Reached skill level 4 in Unarmed Combat
  1679 | D:4      | Killed from afar by an orc priest

Vault maps used:
D:1:      minmay_arrival_loop
D:2:      minmay_diamond_boxcup, nicolae_gozag_seed_capital, first_bread,
          fedhas_altar_1, uniq_natasha, uniq_crazy_yiuf_cottage, uniq_jessica
D:4:      uniq_ijyb, uniq_menkaure, uniq_sigmund

Skill      XL: |  1  2  3  4  5 |
---------------+----------------+-----
Fighting       | 2 |  2.3
Unarmed Combat | 4 |  4.0
Dodging        | |  2.7
Spellcasting   | |  2.8
Transmutations | |  2.8

Action                   |  1- 3 |  4- 6 || total
-------------------------+-------+-------++-------
Melee: Unarmed           |    51 |    38 ||    89
       Constrict         |    16 |     9 ||    25
       Tentacles         |     6 |     8 ||    14
       Punch             |     1 |     1 ||     2
 Cast: Sticks to Snakes  |     1 |     2 ||     3
  Use: Potion            |       |     3 ||     3
 Stab: Sleeping          |     4 |     5 ||     9
  Eat: Meat ration       |       |     1 ||     1
Armor: Skin              |     3 |     1 ||     4
Dodge: Dodged            |    30 |    24 ||    54
